 Dungeon Crawl Stone Soup version 0.31-a0-7-g51783674b7 (webtiles) character file.

Game seed: 3836787064665980517

181 voltaire321 the Sneak (level 5, 0/31 HPs)
             Began as an Octopode Air Elementalist on May 5, 2023.
             Slain by a bullfrog (5 damage)
             ... in a sewer.
             The game lasted 00:05:48 (2368 turns).

voltaire321 the Sneak (Octopode Air Elementalist)   Turns: 2368, Time: 00:05:48

Health: 0/31       AC:  1    Str:  8    XL:     5   Next: 61%
Magic:  8/9        EV: 14    Int: 19    God:
Gold:   116        SH:  0    Dex: 18    Spells: 8/9 levels left

rFire   + . .        n - +1 spear (venom)
rCold   . . .        (no shield)
rNeg    . . .        (helmet restricted)
rPois   .            (no amulet)
rElec   .            f - ring of protection from fire
rCorr   .            b - +6 ring of dexterity
SInv    .            (no ring)
Will    .....        (no ring)
Stlth   +++++        (no ring)
HPRegen 0.25/turn    (no ring)
MPRegen 0.11/turn    (no ring)
                     (no ring)

%: no passive effects
@: no status effects
A: almost no armour, amphibious, 8 rings, camouflage 1, gelatinous body 1,
nimble swimmer 1, tentacles
a: no special abilities


You were in a sewer.
You visited 1 branch of the dungeon, and saw 3 of its levels.
You also visited: Sewer.

You collected 116 gold pieces.

Inventory:

Hand Weapons
 n - a +1 spear of venom (weapon)
Magical Staves
 k - a staff of conjuration
Jewellery
 b - a +6 ring of dexterity (right tentacle)
 f - a ring of protection from fire (left tentacle)
Wands
 h - a wand of light (11)
Scrolls
 e - 2 scrolls of identify {unknown}
 l - a scroll of teleportation {unknown}
 o - a scroll of fear {unknown}
 p - a scroll of noise {unknown}
Potions
 a - a potion of magic
 c - 2 potions of attraction {unknown}
 d - 3 potions of invisibility {unknown}
 g - a potion of brilliance {unknown}
 i - 2 potions of cancellation {unknown}
 j - a potion of flight {unknown}
 m - a potion of curing {unknown}
 q - a potion of haste {unknown}


   Skills:
 + Level 3.0 Dodging
 + Level 4.3 Stealth
 + Level 2.9 Spellcasting
 + Level 2.3 Conjurations
 + Level 3.7 Air Magic


You had 8 spell levels left.
You knew the following spells:

 Your Spells              Type           Power      Damage    Failure   Level
a - Shock                 Conj/Air       56%        1d6       4%          1

Your spell library contained the following spells:

 Spells                   Type           Power      Damage    Failure   Level
 Static Discharge         Conj/Air       28%        2-4/arc   7%          2
 Swiftness                Air            17%        N/A       10%         3
 Airstrike                Air            8%         2d(2-18)  32%         4
 Gell's Gravitas          Tloc           2%         N/A       43%         3
 Teleport Other           Tloc           2%         N/A       43%         3
 Dispersal                Tloc           1%         N/A       100%        6


Dungeon Overview and Level Annotations

Branches:
Dungeon (3/15)              Sewer (1/1)

Altars:


Innate Abilities, Weirdness & Mutations

You cannot wear most types of armour.
You are amphibious.
You can wear up to eight rings at the same time.
Your skin changes colour to match your surroundings (Stealth+).
Your rubbery body absorbs attacks. (AC +1, EV +1)
You are camouflaged when in or above water. (Stealth+)
You have tentacles for arms and can constrict up to eight enemies at once.


Message History

You enter the shallow water.
A ball python comes into view.
Aiming: Shock (safe; 4% risk of failure)
Press: ? - help, Q - select action, (/) - cycle Shift-Dir - straight line, f - ball python
Aim: a ball python (asleep, 100% to hit)
The zap hits the ball python.
You kill the ball python! 2 adders come into view.
A ball python and 2 bullfrogs come into view.
The bullfrog gives a loud, deep croak!
Aiming: Shock (safe; 4% risk of failure)
Press: ? - help, Q - select action, (/) - cycle Shift-Dir - straight line, f - adder
Aim: an adder (53% to hit)
The zap hits the adder.
The adder is lightly wounded.
The adder hisses angrily.
The adder closely misses you.
You hit the adder.
The adder is poisoned.
You grab the adder. You squeeze the adder.
The adder is almost dead.
You constrict the adder.
You kill the adder!
The bullfrog hits you. The bullfrog closely misses you.
Your Dodging skill increases to level 3!
The bullfrog attacks as you move away! The bullfrog barely misses you.
The bullfrog closely misses you. The bullfrog attacks as you move away!
The bullfrog closely misses you. The bullfrog hits you.
You hit the bullfrog.
The bullfrog is poisoned.
Your grab misses the bullfrog.
The bullfrog is lightly wounded.
The bullfrog hits you! The bullfrog closely misses you. The bullfrog hits you.
* * * LOW HITPOINT WARNING * * *
The bullfrog hits you.
* * * LOW HITPOINT WARNING * * *
The adder misses you.
You barely miss the bullfrog. You grab the bullfrog.
The bullfrog is moderately wounded.
You constrict the bullfrog. The bullfrog closely misses you. x2
The adder barely misses you. The bullfrog hits you.
You die...

#~≈~~~≈#
#≈~~~~≈#
#≈~~~~≈#
#~~~~~≈#
#≈~~~~≈#
#~~~≈≈≈#
#≈~~~~≈#
#~~~~≈≈#
#~≈~~≈≈#
##....≈#
#~~#~≈≈#
#≈.....#
#~.~≈≈≈#
#≈....##
#~.~≈≈≈#
#≈≈~~~~#
#~~≈~S@#
#≈≈~~~~#
#~#~~FF#
#≈~~~~~#
#≈~~~~S#
#~~~~~≈#
#≈~~~~≈#
#~~~~≈≈#
#~≈~~~~#
#~~~≈≈≈#
#~~~≈~~#
#~~~~~~###
##....##
#......##.
......
#......##.
#......#
##......##


You could see 2 bullfrogs, an adder and a ball python.

Vanquished Creatures
  A gnoll (D:1)
  5 adders
  6 river rats
  3 worms
  4 endoplasms
  2 giant cockroaches (D:1)
  3 goblins
  5 hobgoblins
  A quokka (D:3)
  14 ball pythons
  A bat (D:2)
  2 frilled lizards (D:1)
  4 kobolds
  26 rats
77 creatures vanquished.

Notes
Turn   | Place    | Note
-------+----------+-------------------------------------------
     0 | D:1      | voltaire321 the Octopode Air Elementalist began the quest
                  | for the Orb.
     0 | D:1      | Reached XP level 1. HP: 11/11 MP: 3/3
   357 | D:1      | Reached XP level 2. HP: 13/17 MP: 5/5
   385 | D:1      | Reached skill level 3 in Stealth
   474 | D:1      | Found a faded altar of an unknown god.
   780 | D:1      | Reached XP level 3. HP: 21/21 MP: 1/6
  1711 | D:3      | Reached XP level 4. HP: 15/27 MP: 4/7
  1751 | D:3      | Found a glowing drain.
  1791 | Sewer    | Entered a sewer
  1913 | Sewer    | Reached skill level 4 in Stealth
  1915 | Sewer    | Reached XP level 5. HP: 31/31 MP: 3/9
  2368 | Sewer    | Slain by a bullfrog

Illustrated notes

Levels and vault maps discovered:
D:1:      minmay_arrival_loop, layout_basic, chequers_ecumenical_altar_simple
D:2:      minmay_angry_zag, layout_rooms
D:3:      layout_loops_ring, gup_sewer_entry_bubbles, lemuel_flame_loot_1
Sewer:    sewer_minmay_w

Skill      XL: |  1  2  3  4  5 |
---------------+----------------+-----
Stealth        | 3 4 |  4.3
Conjurations   | 2 |  2.3
Dodging        | 3 |  3.0
Spellcasting   | |  2.9
Air Magic      | |  3.7

Action                     |  1- 3 |  4- 6 || total
---------------------------+-------+-------++-------
  Melee: Dagger            |    34 |       ||    34
         Constrict         |    15 |    10 ||    25
         Tentacles         |    12 |     7 ||    19
         Spear             |    38 |    35 ||    73
         Punch             |     1 |       ||     1
   Cast: Shock             |    25 |    46 ||    71
   Stab: Sleeping          |    10 |     1 ||    11
         Distracted        |     1 |       ||     1
 Armour: Skin              |     3 |       ||     3
  Dodge: Dodged            |    24 |    45 ||    69

Table legend: (Time is in decaauts)
 A = Elapsed time spent in this place.
 B = Non-inter-level travel time spent in this place.
 C = Inter-level travel time spent in this place.
 D = Time resting spent in this place.
 E = Time spent auto-exploring this place.
 F = Levels seen in this place.
 G = Mean time per level.
                   A        B        C        D        E       F      G
               +--------+--------+--------+--------+--------+-----+--------+
         Total |   2372 |   2358 |     14 |    438 |   1412 |   4 |  593.0 |
       Dungeon |   1792 |   1778 |     14 |    131 |   1278 |   3 |  597.3 |
         Sewer |    579 |    579 |      0 |    307 |    134 |   1 |  579.0 |
               +--------+--------+--------+--------+--------+-----+--------+

Top non-repeatable levels by time:
     D:1: 1020 daAuts
   Sewer: 579 daAuts
     D:2: 524 daAuts
     D:3: 248 daAuts
